 Dungeon Crawl Stone Soup version 0.29.1-15-g9cfb28693d (webtiles) character file.

Game seed: 5996927900890187333

2978346 TittyCrusher the Shatterer (level 27, 302/302 HPs)
             Began as a Troll Berserker on Mar 5, 2023.
             Was the Champion of Trog.
             Escaped with the Orb
             ... and 5 runes!
             The game lasted 04:26:58 (76679 turns).

TittyCrusher the Shatterer (Troll Berserker)       Turns: 76679, Time: 04:26:59

Health: 302/302    AC: 38    Str: 32    XL:     27
Magic:  6/6        EV:  9    Int: 17    God:    Trog [******]
Gold:   2791       SH:  8    Dex: 14    Spells: 26/26 levels left

rFire   + . .      SeeInvis .   a - +9 executioner's axe (antimagic)
rCold   + . .      Faith    .   (shield currently unavailable)
rNeg    + + .      Spirit   +   M - +4 gold dragon scales
rPois   +          Reflect  .   i - +1 hat of Classification {rPois rN+ Int+2}
rElec   +          Harm     .   P - +2 cloak of Xom's Pride {Slay+3}
rCorr   .          Rampage  .   (gloves unavailable)
Will    +++..                   (boots unavailable)
Stlth   ..........              J - brooch of Shielding {Spirit SH+8}
HPRegen 1.40/turn               X - ring of Munlyt {rElec rN+ Int+6 Slay+3 Stlth-}
MPRegen 0.10/turn               H - ring "Ecotaor" {Will+ AC+4}

@: studying 3 skills
A: large, unfitting armour, claws 3, regeneration 1, shaggy fur 1, tough skin 1,
hooves 1, iridescent scales 1, clever 1, clumsy 1, low MP 1
0: Orb of Zot
}: 5/15 runes: decaying, serpentine, slimy, silver, abyssal
a: Renounce Religion, Berserk, Trog's Hand, Brothers in Arms


You escaped.
You worshipped Trog.
Trog was exalted by your worship.
You visited 11 branches of the dungeon, and saw 55 of its levels.
You visited the Abyss 1 time.
You also visited: Sewer, Ossuary, Bailey and Wizlab.

You collected 9040 gold pieces.
You spent 6249 gold pieces at shops.

Inventory:

Hand Weapons
 a - a +9 antimagic executioner's axe (weapon)
 b - a +7 spectral giant spiked club
 D - the +4 giant club of the Crawling Thing {flame, +Blink Dex+6}
   (Trog gifted it to you on level 3 of the Elven Halls)

   It burns those it strikes, dealing additional fire damage.
   Dex:       It affects your dexterity (+6).
   +Blink:    It lets you blink.
 Z - the +11 giant club "Zebleenisch" {vorpal, rPois rC+++ Str-2 Dex+3}
   (You bought it in a shop on level 5 of the Vaults)

   It inflicts extra damage upon your enemies.
   Str:       It affects your strength (-2).
   Dex:       It affects your dexterity (+3).
   rC:        It renders you almost immune to cold.
   rPois:     It protects you from poison.
Missiles
 R - 5 throwing nets (quivered)
Armour
 i - the +1 hat of Classification (worn) {rPois rN+ Int+2}
   (You acquired it on level 10 of the Dungeon)

   Int:       It affects your intelligence (+2).
   rPois:     It protects you from poison.
   rN:        It protects you from negative energy.
 I - +0 acid dragon scales
 M - +4 gold dragon scales (worn)
 P - the +2 cloak of Xom's Pride (worn) {Slay+3}
   (You bought it in a shop on level 15 of the Dungeon)

   Slay:      It affects your accuracy & damage with ranged weapons and melee
   (+3).
Jewellery
 p - a ring of see invisible
 z - the ring "Hoatan" {rN+ Will+ Stlth+}
   (You acquired it in a bailey)

   [ring of willpower]

   rN:        It protects you from negative energy.
   Will:      It increases your willpower.
   Stlth:     It makes you more stealthy.
 H - the ring "Ecotaor" (right claw) {Will+ AC+4}
   (You bought it in a shop on level 2 of the Orcish Mines)

   [ring of protection]

   AC:        It affects your AC (+4).
   Will:      It increases your willpower.
 J - the brooch of Shielding (around neck) {Spirit SH+8}
   (You bought it in a shop on level 2 of the Orcish Mines)

   [amulet of guardian spirit]

   It causes incoming damage to be divided between your reserves of health and
   magic.
   SH:        It affects your SH (+8).
 Q - the amulet of Vanity {Reflect rC+ SH+5}
   (You bought it in a shop on level 3 of the Elven Halls)

   [amulet of reflection]

   It reflects blocked missile attacks.
   rC:        It protects you from cold.
   SH:        It affects your SH (+5).
 S - the ring "Qiurur" {Wiz rF+ Slay+3}
   (You found it on level 3 of the Elven Halls)

   [ring of wizardry]

   It improves your spell success rate.
   Slay:      It affects your accuracy & damage with ranged weapons and melee
   (+3).
   rF:        It protects you from fire.
 V - the ring of Qudo {*Corrode rPois rC+ rN++ Str+3}
   (You found it on level 3 of the Elven Halls)

   [ring of protection from cold]

   Str:       It affects your strength (+3).
   rC:        It protects you from cold.
   rPois:     It protects you from poison.
   rN:        It greatly protects you from negative energy.
   *Corrode:  It may corrode you when you take damage.
 X - the ring of Munlyt (left claw) {rElec rN+ Int+6 Slay+3 Stlth-}
   (You took it off a frost giant on level 3 of the Depths)

   [ring of positive energy]

   Int:       It affects your intelligence (+6).
   Slay:      It affects your accuracy & damage with ranged weapons and melee
   (+3).
   rElec:     It insulates you from electricity.
   rN:        It protects you from negative energy.
   Stlth:     It makes you less stealthy.
 Y - a ring of resist corrosion
Wands
 h - a wand of digging (8)
 n - a wand of flame (103)
 o - a wand of paralysis (58)
 q - a wand of mindburst (7)
 v - a wand of quicksilver (36)
Scrolls
 d - 9 scrolls of fog
 e - 4 scrolls of immolation
 f - 11 scrolls of blinking
 g - 4 scrolls of fear
 k - 18 scrolls of teleportation
 u - a scroll of enchant weapon
 x - 15 scrolls of poison
 C - 4 scrolls of summoning
 F - 4 scrolls of silence
 K - 3 scrolls of magic mapping
 N - 5 scrolls of torment
 O - 9 scrolls of vulnerability
Potions
 c - 14 potions of heal wounds
 j - 4 potions of resistance
 l - 3 potions of ambrosia
 m - 6 potions of cancellation
 t - 3 potions of might
 w - 6 potions of invisibility
 A - 31 potions of curing
 B - 10 potions of mutation
 E - 11 potions of flight
 G - 11 potions of attraction
 L - 7 potions of lignification
 T - 2 potions of haste
 U - 5 potions of magic
Miscellaneous
 r - a tin of tremorstones (2/2)
 s - a condenser vane
 y - a phial of floods
 W - a lightning rod (4/4)


   Skills:
 + Level 22.5 Fighting
 - Level 22.7(26.0) Axes
 - Level 23.3(27) Maces & Flails
 - Level 18.0 Armour
 - Level 12.0 Dodging
 - Level 6.7 Evocations


You had 26 spell levels left.
You didn't know any spells.
Your spell library was empty.

Dungeon Overview and Level Annotations

Branches:
Dungeon (15/15)            Temple (0/1) D:4            Lair (5/5) D:11
  Swamp (4/4) Lair:2        Snake (4/4) Lair:2        Slime (5/5) Lair:4
    Orc (2/2) D:11            Elf (3/3) Orc:2        Vaults (5/5) D:14
  Crypt (3/3) Vaults:2       Tomb (0/3) Crypt:3      Depths (4/4) D:15
    Zot (5/5) Depths:4      Sewer (visited)         Ossuary (visited)
 Bailey (visited)          WizLab (visited)

Altars:
Cheibriados
Elyvilon
Gozag
Nemelex Xobeh
Qazlal
Ru
Uskayaw
Vehumet
Xom
Yredelemnul
Zin
The Shining One
Jiyva

Shops:
D:2 *   D:6 :   D:11 [   D:15 ?*([:   Orc:2 *(![:=   Elf:1 [*(   Elf:3 *
Snake:3 *   Vaults:1 [   Vaults:2 :   Vaults:4 =   Vaults:5 (   Depths:2 (

Portals:
Hell: Depths:1 Depths:2 Depths:3 Depths:4
Abyss: Depths:2 Depths:3 Depths:4
Pandemonium: Depths:1 Depths:2 Depths:4
Ziggurat: Depths:2
Trove: D:11 (give 16 scrolls of teleportation)

Annotations:
Lair:2 3 runed translucent doors, DemonSlayer's ghost, journeyman DsEE; promet's ghost, journeyman DrWn
Lair:4 exclusion: downstairs
Slime:4 exclusion: upstairs
Elf:1 Roxanne
Depths:1 1 runed translucent door, Veakkusy's ghost, veteran DsWr
Zot:3 exclusion: downstairs
Zot:4 3 runed translucent doors, stpyramids's ghost, legendary DDFi


Innate Abilities, Weirdness & Mutations

You are too large for most types of armour.
You have claws for hands.
Your natural rate of healing is unusually fast.
You are covered in fur. (AC +1)
You have tough skin. (AC +1)
You have large cloven feet.
You are partially covered in iridescent scales. (AC +2)
Your mind is acute. (Int +4, Str/Dex -1)
You are clumsy. (Dex -2)
Your magical capacity is low. (-10% MP)


Message History

a +0 chain mail; a +0 hand axe
Things that are here:
a +0 club; a +0 flail; a +0 robe
There is a stone staircase leading up here.
You climb upwards.
There is a stone staircase leading down here.
A profane servitor comes into view. It is wielding a +2 whip.
The profane servitor hits you with a +2 whip!
The profane servitor hits you with a +2 whip.
You slice the profane servitor like a ripe choko!!!
You kick the profane servitor!
The profane servitor is moderately damaged.
The profane servitor hits you but does no damage.
The profane servitor barely misses you.
You cut the profane servitor into ribbons!!!!
You kick the profane servitor.
You destroy the profane servitor!
Trog accepts your kill.
No target in view!
No target in view!
You see here a +2 whip.
There is a stone staircase leading up here.
Magic restored.
You climb upwards.
There is a stone staircase leading down here.
HP restored.
There is a stone staircase leading up here.
You climb upwards.
There is a stone staircase leading down here.
There is a stone staircase leading up here.
You climb upwards.
There is a stone staircase leading down here.
There is a stone staircase leading up here.
You climb upwards.
There is a stone staircase leading down here.
There is an entrance to Tyejepor's General Store here.
There is an escape hatch in the ceiling here.
A mysterious force pulls you upwards. The hatch slams shut behind you.
There is a staircase leading out of the dungeon here.
You have escaped!

..#.##.#.................).# ####
###.##.#.####....#.........# #...
# #.##...#............#....# #..#
###+####.#.........#.......# #...
##.....)#######.......#.#..###.#.
##......'.............#.#........
##......#######...#............#.
##........#..........L...#######.
##........#.....@....#...........
#........#......X.2.###.........
#........#........&.# #..##.....
##........#....8.....# #..#####..
.#######..#...♣......###..# #....
.'........#...............# #.#.#
.########.#.........#####.# #.#..
.# #.#.........# #..†# #.#.# .#
#.#######...###.#.###.#..


You could see Jueghael, a cacodemon (wandering), a lich (wandering) and a large
abomination (wandering).

Vanquished Creatures
  the Royal Jelly (Slime:5)
  9 dread liches
  5 orbs of fire
  An ancient lich (Vaults:5)
  Josephina (Zot:2)
  Frederick (Crypt:1)
  Vashnia (Snake:2)
  Saint Roka (Crypt:1)
  Vv (Crypt:1)
  7 Killer Klowns (Zot:5)
  A curse toe (Zot:2)
  2 caustic shrikes (Depths:2)
  11 golden dragons
  A profane servitor (D:6)
  2 bone dragons (Zot:3)
  3 doom hounds (Zot:3)
  A shard shrike zombie (Crypt:1)
  5 electric golems
  A walking crystal tome (WizLab)
  17 tentacled monstrosities
  Rupert (Lair:5)
  Jorgrun (D:13)
  26 Orb Guardians
  2 deep elf master archers (Elf:3)
  6 liches
  A walking earthen tome (Depths:3)
  12 death cobs
  3 deep elf blademasters
  Asterion (Elf:2)
  A walking divine tome (WizLab)
  A titan (Vaults:5)
  Grunn (Zot:3)
  11 quicksilver dragons
  An acid blob (shapeshifter) (Vaults:5)
  10 sphinxes
  27 acid blobs
  4 ancient champions
  19 shadow dragons
  4 tentacled starspawn (Abyss:2)
  Kirke (Swamp:2)
  8 tengu reavers
  2 thorn hunters (Swamp:4)
  16 storm dragons
  2 revenants (Crypt:2)
  11 azure jellies
  2 draconian monks
  Agnes (Snake:4)
  6 nagarajas
  2 strange machines (WizLab)
  3 fenstrider witches
  The ghost of Seidenschwarz the Tortoise, a journeyman MiFi of Okawaru (Elf:1)
  7 fire giants
  9 rockslimes
  3 draconian knights
  11 frost giants
  3 ghost moths
  10 deep elf sorcerers
  An emperor scorpion (Depths:2)
  21 vault wardens
  2 balrugs
  Louise (Depths:3)
  6 orc warlords
  9 draconian scorchers
  Aizul (Crypt:1)
  An iron dragon (Vaults:5)
  9 draconian shifters
  2 curse skulls
  3 deep elf elementalists (Elf:3)
  23 very ugly things
  2 spriggan defenders (Depths:2)
  2 ghouls
  18 ironbound preservers
  A quicksilver ooze (shapeshifter) (Vaults:5)
  6 draconian annihilators
  4 draconian stormcallers
  8 quicksilver oozes
  5 war gargoyles
  11 stone giants
  14 green draconians
  A reaper (Depths:4)
  7 ironbound thunderhulks
  7 deep elf demonologists
  6 purple draconians
  12 black draconians
  4 eleionomae
  7 deep elf annihilators
  A bunyip (Swamp:4)
  4 vampire knights
  24 yellow draconians
  5 red draconians
  21 white draconians
  An entropy weaver (Vaults:2)
  4 dire elephants
  2 eidola
  3 green deaths
  7 ettins
  A blizzard demon (Abyss:3)
  2 crystal guardians
  4 fire dragons
  6 jiangshi (Crypt:2)
  11 deep elf death magi
  13 yaktaur captains
  2 deep elf high priests
  14 great orbs of eyes
  A quicksilver dragon skeleton (Crypt:3)
  39 vault guards
  A fenstrider witch zombie (Crypt:1)
  2 spriggan skeletons (Crypt:3)
  4 boulder beetles
  13 rakshasas
  A hell beast (D:12)
  5 peacekeepers
  3 salamander tyrants
  21 hydras
  5 spriggan air magi
  8 ironbound frosthearts
  8 anacondas
  8 ice dragons
  A merfolk avatar (Lair:5)
  A death knight (Crypt:1)
  13 naga warriors
  6 centaur warriors
  An ogre mage (D:14)
  3 catoblepae
  7 alligators
  The ghost of dudediamond6 the Unseen, a journeyman OpBr of Dithmenos (D:10)
  8 two-headed ogres
  4 hell hogs
  8 deep troll shamans
  A tengu warrior (Depths:1)
  8 deep troll earth magi
  2 thrashing horrors (Abyss:1)
  6 orc high priests
  8 vampire magi
  3 spriggan berserkers
  3 shock serpents
  11 naga sharpshooters
  12 hell knights
  15 deep elf knights
  A fire crab (shapeshifter) (D:13)
  A sun demon (Depths:1)
  2 shadow wraiths
  5 salamander mystics
  An iron giant zombie (Crypt:1)
  27 skeletal warriors
  4 soul eaters
  10 iron trolls
  66 deep trolls
  A fire crab (Abyss:3)
  3 goliath frogs
  5 wretched stars
  A golden dragon zombie (D:15)
  An anaconda zombie (Crypt:1)
  2 death drakes (Zot:3)
  A spatial maelstrom (Abyss:1)
  The ghost of firemarshallily the Covert, a novice OpBr of Gozag (D:6)
  7 flayed ghosts
  3 spriggan druids
  11 deep elf archers
  10 naga ritualists
  2 sea snakes (Lair:5)
  A bunyip skeleton (Crypt:2)
  3 bog bodies
  5 glowing orange brains
  30 deep elf zephyrmancers
  10 wizards
  13 swamp dragons
  10 harpies
  18 phantasmal warriors
  20 ironbound convokers
  5 large abominations
  8 necromancers
  5 lindwurms
  The ghost of safid the Chiller, a novice MfIE of Vehumet (D:6)
  18 orc knights
  27 deep elf pyromancers
  7 mana vipers
  A mana viper (shapeshifter) (Vaults:5)
  A frost giant zombie (D:15)
  5 manticores
  An orc sorcerer (Crypt:1)
  35 ugly things
  An oklob plant (Zot:1)
  A shining eye (Slime:4)
  20 moths of wrath
  23 salamanders
  3 will-o-the-wisps
  2 elephants (Lair:5)
  A draconian skeleton (Crypt:3)
  5 cyclopes
  2 eyes of devastation
  19 vault sentinels
  2 stone giant skeletons (Crypt:1)
  10 smoke demons
  2 guardian serpents
  19 naga magi
  Joseph (D:10)
  2 spriggan zombies
  6 gargoyles
  2 unseen horrors
  7 cane toads
  5 centaur skeletons
  2 naga skeletons (Crypt:3)
  A torpor snail (Lair:4)
  A black draconian zombie (Zot:3)
  28 black mambas
  A white draconian zombie (Zot:3)
  A storm dragon simulacrum (Zot:2)
  A dire elephant skeleton (Crypt:1)
  7 komodo dragons
  Maggie (D:10)
  2 efreet
  3 freezing wraiths
  5 rime drakes
  3 tengu conjurers
  2 hellwings
  9 yaktaurs
  A bunyip simulacrum (Crypt:1)
  3 guardian mummies (Crypt:3)
  4 kobold demonologists
  A tormentor (Depths:1)
  34 dancing weapons
  3 ice devils
  A harpy zombie (Crypt:1)
  An unseen horror skeleton (Crypt:1)
  3 red devils
  A komodo dragon (shapeshifter) (D:13)
  7 trolls
  4 polar bears
  3 wind drakes (Lair:5)
  A queen bee (Abyss:4)
  6 meliai
  10 tyrant leeches
  A hydra skeleton (Crypt:1)
  21 hornets
  3 blink frogs (Lair:5)
  A harpy skeleton (Crypt:3)
  127 slime creatures
  A radroach zombie (Crypt:1)
  A draconian simulacrum (Zot:2)
  4 raiju (Abyss:2)
  A snapping turtle (Lair:5)
  A culicivora (Vaults:2)
  4 flying skulls (Crypt:2)
  A centaur simulacrum (Crypt:1)
  13 shadows
  23 spriggans
  An air elemental (Elf:1)
  A hog (shapeshifter) (D:13)
  6 wyverns
  5 hogs
  13 wraiths
  32 yaks
  6 basilisks
  A human (D:11)
  6 water elementals
  8 golden eyes
  2 chaos spawn
  A redback (Vaults:2)
  4 fire elementals
  8 vampire mosquitoes
  17 swamp worms
  A green draconian simulacrum (Zot:2)
  3 wargs
  A swamp worm (shapeshifter) (D:14)
  A water moccasin (shapeshifter) (D:14)
  A tengu zombie (D:15)
  61 nagas
  11 water moccasins
  3 acid dragons
  2 deep troll zombies (Crypt:2)
  Duvessa (D:6)
  A moth of wrath simulacrum (Zot:2)
  2 floating eyes
  A hell hound (Abyss:3)
  7 swamp drakes
  52 orc warriors
  A black bear (Lair:1)
  14 ogres
  A cane toad skeleton (Crypt:2)
  4 small abominations
  A hornet zombie (D:6)
  A manticore zombie (Crypt:2)
  6 boggarts
  17 centaurs
  3 phantoms
  3 elf zombies (Ossuary)
  18 kobold brigands
  2 gnoll sergeants
  5 earth elementals
  13 bullfrogs
  A water moccasin zombie (D:6)
  2 necrophages (Crypt:2)
  A scorpion (D:6)
  A two-headed ogre simulacrum (Crypt:1)
  11 wights
  Dowan (D:6)
  A yak zombie (Crypt:2)
  2 killer bees (D:9)
  3 electric eels
  3 howler monkeys
  A human zombie (Ossuary)
  25 jellies
  A basilisk zombie (Crypt:2)
  A hound (D:6)
  31 orc priests
  7 gnoll boudas
  2 iguanas
  Ijyb (D:5)
  29 orc wizards
  7 hell rats (Lair:2)
  2 boggart skeletons
  A tengu skeleton (Crypt:1)
  12 mummies
  19 gnolls
  10 adders
  3 river rats (D:5)
  A shadow imp (D:8)
  2 white imps (D:6)
  An ufetubus (D:6)
  An adder zombie (Ossuary)
  3 worms
  4 dart slugs
  95 orcs
  3 ball pythons
  8 bats
  A bat skeleton (Crypt:2)
  8 endoplasms
  4 giant cockroaches
  20 goblins
  13 hobgoblins
  4 jackals (D:1)
  5 quokkas
  10 frilled lizards
  3 gnoll zombies (Ossuary)
  2 jackal zombies (Ossuary)
  41 kobolds
  An orc zombie (Ossuary)
  A quokka skeleton (Crypt:2)
  6 rats
  A rat zombie (Ossuary)
  A fire vortex (Depths:1)
  3 starspawn tentacles (Abyss:2)
2504 creatures vanquished.

Vanquished Creatures (collateral kills)
  Dissolution (Slime:4)
  A tengu reaver (Vaults:4)
  Donald (Snake:2)
  An emperor scorpion (Depths:2)
  An ironbound preserver (Vaults:4)
  A vault guard (Vaults:3)
  A catoblepas (Depths:2)
  A shock serpent (Snake:2)
  A slime creature (Slime:5)
  A spriggan druid (Depths:2)
  A lindwurm (Depths:2)
  An ironbound convoker (Vaults:3)
  An orc knight (Vaults:4)
  An elephant (Lair:5)
  Psyche (D:11)
  A yaktaur (Vaults:2)
  A naga (Snake:2)
17 creatures vanquished.

Vanquished Creatures (others)
  A war gargoyle (Vaults:2)
  A draconian stormcaller (Zot:4)
  A deep elf knight (Elf:3)
  A deep elf archer (Elf:2)
  A deep elf pyromancer (Elf:1)
  A moth of wrath (Zot:4)
  A human (Swamp:2)
  3 bushes
  6 foxfires
  26 fungi
  68 plants
  3 starspawn tentacles (Abyss:2)
  49 withered plants
162 creatures vanquished.

Grand Total: 2683 creatures vanquished

Notes
Turn   | Place    | Note
-------+----------+-------------------------------------------
     0 | D:1      | TittyCrusher the Troll Berserker began the quest for the
                  | Orb.
     0 | D:1      | Reached XP level 1. HP: 22/22 MP: 0/0
    21 | D:1      | Reached skill level 3 in Maces & Flails
    29 | D:1      | Reached XP level 2. HP: 29/29 MP: 1/1
    63 | D:1      | Found a faded altar of an unknown god.
   219 | D:1      | Reached ** piety under Trog
   338 | D:1      | Reached XP level 3. HP: 36/36 MP: 2/2
   437 | D:1      | Reached skill level 4 in Maces & Flails
   945 | D:2      | Found Tyejepor's General Store.
   955 | D:2      | Bought a scroll of teleportation for 39 gold pieces
   955 | D:2      | Bought a scroll of identify for 26 gold pieces
  1244 | D:2      | Reached XP level 4. HP: 44/44 MP: 3/3
  2244 | D:3      | Reached skill level 5 in Maces & Flails
  2269 | D:3      | Found a sparkling altar of Nemelex Xobeh.
  2388 | D:3      | Reached XP level 5. HP: 50/50 MP: 4/4
  2778 | D:4      | Found a staircase to the Ecumenical Temple.
  2804 | D:4      | Found a sacrificial altar of Ru.
  2844 | D:4      | Noticed an ogre
  2858 | D:4      | Killed an ogre
  2859 | D:4      | Reached skill level 6 in Maces & Flails
  2859 | D:4      | Reached XP level 6. HP: 59/59 MP: 5/5
  3037 | D:4      | Gained mutation: You have large cloven feet. [potion of
                  | mutation]
  3037 | D:4      | Gained mutation: Your mind is acute. (Int +4, Str/Dex -1)
                  | [potion of mutation]
  3037 | D:4      | Gained mutation: You are partially covered in iridescent
                  | scales. (AC +2) [potion of mutation]
  3232 | D:5      | Entered Level 5 of the Dungeon
  3252 | D:5      | Reached skill level 7 in Maces & Flails
  3252 | D:5      | Noticed Ijyb
  3262 | D:5      | Killed Ijyb
  3263 | D:5      | Reached XP level 7. HP: 60/66 MP: 6/6
  3301 | D:5      | Reached *** piety under Trog
  3367 | D:5      | Reached skill level 8 in Maces & Flails
  3396 | D:5      | Found a glowing silver altar of Zin.
  3396 | D:5      | Found a stormy altar of Qazlal.
  3418 | D:5      | Found a sand-covered staircase.
  3449 | Ossuary  | Entered an ossuary
  3533 | Ossuary  | Reached skill level 9 in Maces & Flails
  3533 | Ossuary  | Reached XP level 8. HP: 64/74 MP: 7/7
  3885 | D:5      | Found a glowing drain.
  3893 | Sewer    | Entered a sewer
  4104 | Sewer    | Reached skill level 10 in Maces & Flails
  4663 | D:6      | Noticed Duvessa
  4663 | D:6      | Noticed Dowan
  4672 | D:6      | Reached **** piety under Trog
  4679 | D:6      | Killed Duvessa
  4680 | D:6      | Reached skill level 11 in Maces & Flails
  4689 | D:6      | Killed Dowan
  4690 | D:6      | Reached XP level 9. HP: 80/80 MP: 8/8
  5125 | D:6      | Found Geinluol's Tremendous Tomes.
  5167 | D:6      | Noticed a two-headed ogre
  5182 | D:6      | Killed a two-headed ogre
  5183 | D:6      | Reached skill level 12 in Maces & Flails
  5218 | D:6      | Found a runed translucent door.
  5230 | D:6      | Noticed firemarshallily's ghost (novice OpBr)
  5523 | D:6      | Found a runed translucent gate.
  5523 | D:6      | Found a runed translucent gate.
  5523 | D:6      | Found a runed translucent gate.
  5523 | D:6      | Noticed safid's ghost (novice MfIE)
  5525 | D:6      | Found a basalt altar of Yredelemnul.
  6213 | D:7      | Reached skill level 13 in Maces & Flails
  6749 | D:8      | Reached XP level 10. HP: 76/88 MP: 9/9
  7146 | D:8      | You fall into a shaft and drop 2 floors!
  7146 | D:10     | Entered Level 10 of the Dungeon
  7147 | D:10     | Identified a scroll of acquirement
  7148 | D:10     | Acquired the +1 hat of Classification {rPois rN+ Int+2}
  7201 | D:10     | Found a large runed translucent door.
  7281 | D:10     | Found a flagged portal.
  7300 | Bailey   | Entered a bailey
  7375 | Bailey   | Reached skill level 14 in Maces & Flails
  7462 | Bailey   | Reached ***** piety under Trog
  7465 | Bailey   | Reached skill level 1 in Evocations
  7733 | Bailey   | Noticed an orc high priest
  7749 | Bailey   | Found an iron altar of Okawaru.
  7770 | Bailey   | Noticed a sixfirhy
  7776 | Bailey   | Killed an orc high priest
  7844 | Bailey   | Reached skill level 5 in Fighting
  7862 | Bailey   | Identified the +8 long sword of Dissolution {holy, rCorr}
  8091 | D:9      | Acquired the ring "Hoatan" {rN+ Will+ Stlth+}
  8946 | D:9      | Noticed a two-headed ogre
  8975 | D:9      | Killed a two-headed ogre
  9065 | D:9      | Reached XP level 11. HP: 67/107 MP: 10/10
  9139 | D:9      | Found a snail-covered altar of Cheibriados.
  9721 | D:9      | Found a shimmering altar of Xom.
  9750 | D:9      | Found an opulent altar of Gozag.
 10025 | D:10     | Noticed Maggie
 10047 | D:10     | Killed Maggie
 10094 | D:10     | Noticed Joseph
 10108 | D:10     | Killed Joseph
 10428 | D:10     | Found a large runed translucent door.
 10431 | D:10     | Noticed dudediamond6's ghost (journeyman OpBr)
 10464 | D:10     | Noticed a two-headed ogre
 10472 | D:10     | Killed a two-headed ogre
 10473 | D:10     | Reached skill level 10 in Fighting
 10698 | D:10     | Killed dudediamond6's ghost
 10794 | D:6      | Killed firemarshallily's ghost
 10829 | D:6      | Killed safid's ghost
 10901 | D:11     | Found a staircase to the Orcish Mines.
 10914 | D:10     | Reached XP level 12. HP: 123/126 MP: 11/11
 10941 | D:11     | Found Quulaudaivi's Armour Boutique.
 11040 | D:11     | Found a staircase to the Lair.
 11096 | D:11     | Reached skill level 15 in Maces & Flails
 11375 | D:11     | Noticed Psyche
 11382 | D:11     | Noticed a two-headed ogre
 11387 | D:11     | Killed a two-headed ogre
 11388 | D:11     | Reached skill level 1 in Armour
 11445 | D:11     | Noticed a two-headed ogre
 11452 | D:11     | Killed a two-headed ogre
 11518 | D:11     | Killed Psyche
 11597 | D:11     | Found a portal to a secret trove of treasure.
 12067 | Lair:1   | Entered Level 1 of the Lair of Beasts
 12394 | Lair:1   | Noticed a six-headed hydra
 12406 | Lair:1   | Killed a six-headed hydra
 13165 | Lair:2   | Identified the ring "Epo Dius" {Fly rC+ Int+2}
 13305 | Lair:2   | Found a runed translucent gate.
 13305 | Lair:2   | Found a runed translucent gate.
 13305 | Lair:2   | Found a runed translucent gate.
 13308 | Lair:2   | Noticed DemonSlayer's ghost (journeyman DsEE)
 13308 | Lair:2   | Noticed promet's ghost (journeyman DrWn)
 13387 | Lair:2   | Reached skill level 5 in Dodging
 13398 | Lair:2   | Identified the +1 robe of the Hidden Mice {*Corrode rF+++
                  | Stlth+}
 13629 | Lair:2   | Found a staircase to the Snake Pit.
 13754 | Lair:2   | Found a staircase to the Swamp.
 14050 | Lair:3   | Found a snail-covered altar of Cheibriados.
 14073 | Lair:3   | Noticed a catoblepas
 14374 | Lair:3   | Reached XP level 13. HP: 133/133 MP: 12/12
 15038 | Lair:4   | Found a staircase to the Slime Pits.
 15279 | Lair:4   | Reached skill level 16 in Maces & Flails
 15909 | Lair:5   | Entered Level 5 of the Lair of Beasts
 15983 | Lair:5   | Noticed Rupert
 16231 | Lair:5   | Killed Rupert
 16330 | Lair:5   | Reached skill level 17 in Maces & Flails
 17086 | Lair:5   | Noticed Sonja
 17087 | Lair:5   | Noticed Sonja
 17087 | Lair:5   | Sonja changed into Sonja the rime drake
 17098 | Lair:5   | Killed Sonja the rime drake
 17931 | D:12     | Reached XP level 14. HP: 143/143 MP: 13/13
 17952 | D:12     | Reached skill level 18 in Maces & Flails
 18860 | D:13     | Found a huge runed gate.
 18861 | D:13     | Found a huge runed gate.
 18861 | D:13     | Found a huge runed gate.
 18861 | D:13     | Found a huge runed gate.
 18861 | D:13     | Found a huge runed gate.
 18862 | D:13     | Found a huge runed gate.
 18862 | D:13     | Found a huge runed gate.
 18863 | D:13     | Found a huge runed gate.
 18864 | D:13     | Found a huge runed gate.
 18864 | D:13     | Found a huge runed gate.
 18866 | D:13     | Found a huge runed gate.
 18866 | D:13     | Found a huge runed gate.
 18868 | D:13     | Found a huge runed gate.
 18877 | D:13     | Found a huge runed gate.
 18877 | D:13     | Found a huge runed gate.
 18877 | D:13     | Found a huge runed gate.
 18877 | D:13     | Found a huge runed gate.
 18877 | D:13     | Found a huge runed gate.
 18877 | D:13     | Found a huge runed gate.
 18878 | D:13     | Found a huge runed gate.
 18879 | D:13     | Found a huge runed gate.
 18880 | D:13     | Found a huge runed gate.
 18889 | D:13     | Found a huge runed gate.
 18889 | D:13     | Found a huge runed gate.
 18889 | D:13     | Found a huge runed gate.
 18889 | D:13     | Found a huge runed gate.
 18889 | D:13     | Found a huge runed gate.
 18890 | D:13     | Found a huge runed gate.
 18891 | D:13     | Found a huge runed gate.
 18892 | D:13     | Found a huge runed gate.
 18908 | D:13     | Found a huge runed gate.
 19028 | D:13     | Found a huge runed gate.
 19028 | D:13     | Found a huge runed gate.
 19028 | D:13     | Found a huge runed gate.
 19028 | D:13     | Found a huge runed gate.
 19028 | D:13     | Found a huge runed gate.
 19182 | D:13     | Reached ****** piety under Trog
 19514 | D:13     | Received a gift from Trog
 19863 | D:13     | Noticed a tengu reaver
 19863 | D:13     | Noticed a fire giant
 19863 | D:13     | Noticed a sphinx
 19863 | D:13     | Noticed a shadow dragon
 20131 | D:13     | Killed a tengu reaver
 20256 | D:13     | Killed a fire giant
 20490 | D:13     | Identified the +5 scale mail "Apruenir" {+Inv rC+ Int+4}
 20502 | D:13     | Killed a sphinx
 20503 | D:13     | Reached skill level 19 in Maces & Flails
 20573 | D:13     | Killed a shadow dragon
 21583 | D:14     | Reached skill level 20 in Maces & Flails
 21733 | D:14     | Noticed Jorgrun
 21771 | D:13     | Killed Jorgrun
 22017 | D:14     | Reached XP level 15. HP: 149/149 MP: 14/14
 22310 | D:14     | Received a gift from Trog
 22356 | D:14     | Found a gate to the Vaults.
 22797 | D:15     | Entered Level 15 of the Dungeon
 22835 | D:15     | Found Satoocya's Book Emporium.
 23001 | D:15     | Found Nyturghud's Assorted Antiques.
 23010 | D:15     | Bought a copper ring for 140 gold pieces
 23012 | D:15     | Bought a potion of curing for 84 gold pieces
 23012 | D:15     | Bought a scroll of teleportation for 84 gold pieces
 23012 | D:15     | Bought a scroll of fog for 112 gold pieces
 23012 | D:15     | Bought a scroll of poison for 112 gold pieces
 23164 | D:15     | Found a staircase to the Depths.
 23166 | D:15     | Found Xivvupp's Antique Weapon Shoppe.
 23507 | D:15     | Reached skill level 21 in Maces & Flails
 23575 | D:15     | Found Vibydem's Magic Scroll Shoppe.
 23792 | D:15     | Found Loosk's Armour Emporium.
 23799 | D:15     | Bought the +2 cloak of Xom's Pride {Slay+3} for 511 gold
                  | pieces
 24059 | Orc:1    | Entered Level 1 of the Orcish Mines
 24333 | Orc:2    | Entered Level 2 of the Orcish Mines
 24339 | Orc:2    | Noticed an orc warlord
 24345 | Orc:2    | Killed an orc warlord
 24509 | Orc:2    | Found Codam's Commerce Corner.
 24612 | Orc:2    | Found Qapoux's Antique Weapon Emporium.
 24801 | Orc:2    | Received a gift from Trog
 25173 | Orc:2    | Reached skill level 5 in Evocations
 25216 | Orc:2    | Found Imen's Distillery.
 25216 | Orc:2    | Found Rujykie's Jewellery Shop.
 25217 | Orc:2    | Found Wamu's Armour Boutique.
 25217 | Orc:2    | Found Ufumpoxt's Book Shop.
 25229 | Orc:2    | Bought the brooch of Shielding {Spirit SH+8} for 1040 gold
                  | pieces
 25229 | Orc:2    | Found the brooch of Shielding {Spirit SH+8}
 25285 | Orc:2    | Found a staircase to the Elven Halls.
 25479 | Orc:1    | Received a gift from Trog
 25699 | Orc:2    | Bought the ring "Ecotaor" {Will+ AC+4} for 777 gold pieces
 25912 | Swamp:1  | Entered Level 1 of the Swamp
 26541 | Swamp:2  | Noticed a fenstrider witch
 26549 | Swamp:2  | Killed a fenstrider witch
 26718 | Swamp:2  | Noticed Kirke
 26740 | Swamp:2  | Killed Kirke
 26741 | Swamp:2  | Reached XP level 16. HP: 158/158 MP: 15/15
 27182 | Swamp:2  | Found a sacrificial altar of Ru.
 27263 | Swamp:3  | Received a gift from Trog
 27434 | Swamp:3  | Reached skill level 22 in Maces & Flails
 27541 | Swamp:3  | Noticed a tentacled monstrosity
 27556 | Swamp:3  | Killed a tentacled monstrosity
 27958 | Swamp:4  | Entered Level 4 of the Swamp
 28044 | Swamp:4  | Noticed a thorn hunter
 28044 | Swamp:4  | Noticed a thorn hunter
 28051 | Swamp:4  | Killed a thorn hunter
 28057 | Swamp:4  | Killed a thorn hunter
 28058 | Swamp:4  | Reached skill level 23 in Maces & Flails
 28076 | Swamp:4  | Got a decaying rune of Zot
 28735 | Snake:1  | Entered Level 1 of the Snake Pit
 28774 | Snake:1  | Reached skill level 5 in Armour
 28855 | Snake:1  | Received a gift from Trog
 29017 | Snake:1  | Found a runed translucent door.
 29103 | Snake:1  | You fall into a shaft and drop 1 floor!
 29189 | Snake:2  | Reached XP level 17. HP: 166/166 MP: 16/16
 29489 | Snake:2  | Noticed Donald
 29497 | Snake:2  | Killed Donald
 29548 | Snake:2  | Identified the +0 pair of boots of Hospitality {+Blink +Inv
                  | rC- Dex+3}
 29808 | Snake:2  | Noticed Vashnia
 30377 | Snake:1  | Identified the +12 great sword "Musehy" {venom, *Noise
                  | Int+3 Stlth+}
 31121 | Snake:2  | Killed Vashnia
 31130 | Snake:2  | Received a gift from Trog
 31800 | Snake:3  | Found Egeoko's General Store.
 31808 | Snake:3  | Bought a scroll of teleportation for 48 gold pieces
 32698 | Snake:4  | Entered Level 4 of the Snake Pit
 32726 | Snake:4  | Received a gift from Trog
 32960 | Snake:4  | Noticed Agnes
 32973 | Snake:4  | Killed Agnes
 33635 | Snake:4  | Reached XP level 18. HP: 168/191 MP: 14/17
 33989 | Snake:4  | Reached skill level 15 in Fighting
 34171 | Snake:4  | Got a serpentine rune of Zot
 34545 | Vaults:1 | Entered Level 1 of the Vaults
 34695 | Vaults:1 | Received a gift from Trog
 34695 | Vaults:1 | Found the +7 mace of Variability {chain chaos}
 35640 | Vaults:1 | Found Mouqoud's Armour Shoppe.
 36037 | Vaults:2 | Received a gift from Trog
 36206 | Vaults:2 | Found a magical portal.
 36224 | WizLab   | Entered Tukima's Studio
 36383 | WizLab   | Identified the +7 triple crossbow "Ubrouggo" {speed, Str+3
                  | Int+3}
 36479 | WizLab   | Reached XP level 19. HP: 201/209 MP: 18/18
 36657 | WizLab   | Noticed TittyCrusher's illusion
 36668 | WizLab   | Identified the +1 cloak of the Guild-Master {Int+4}
 36686 | WizLab   | Identified the +0 pair of boots of the Quahog {+Blink +Inv
                  | rPois rC-}
 37372 | Vaults:2 | Received a gift from Trog
 37388 | Vaults:2 | Reached skill level 1 in Axes
 37760 | Vaults:2 | Found Tyongaph's Book Shoppe.
 37855 | Vaults:2 | Identified the +4 hand axe of the Hurling Ancients {freeze,
                  | MP+9 Dex+6}
 37899 | Vaults:2 | Reached skill level 5 in Axes
 38336 | Vaults:2 | Received a gift from Trog
 38429 | Vaults:2 | Found a staircase to the Crypt.
 40174 | Vaults:3 | Reached XP level 20. HP: 209/221 MP: 17/19
 40176 | Vaults:3 | Received a gift from Trog
 40641 | Vaults:4 | Reached skill level 10 in Dodging
 40837 | Vaults:4 | Found Tesenaax's Jewellery Shop.
 40845 | Vaults:4 | Bought a ring of protection from fire for 425 gold pieces
 41531 | Vaults:4 | Received a gift from Trog
 42492 | Crypt:1  | Entered Level 1 of the Crypt
 42492 | Crypt:1  | Noticed Vv
 42505 | Crypt:1  | Killed Vv
 42770 | Crypt:1  | Reached skill level 10 in Armour
 42805 | Crypt:1  | Noticed Saint Roka
 42814 | Crypt:1  | Received a gift from Trog
 42820 | Crypt:1  | Killed Saint Roka
 43021 | Crypt:1  | Noticed Aizul
 43031 | Crypt:1  | Killed Aizul
 43133 | Crypt:1  | Identified the +2 bardiche "Pepn" {flame, Str-5 Int+9}
 43170 | Crypt:1  | Noticed Frederick
 43190 | Crypt:1  | Killed Frederick
 43862 | Crypt:2  | Reached XP level 21. HP: 219/229 MP: 18/20
 44796 | Crypt:2  | Received a gift from Trog
 44867 | Crypt:3  | Entered Level 3 of the Crypt
 46152 | Crypt:3  | Identified the +6 dire flail of Red Wine {vorpal, rF+ rC+}
                  | (Trog gifted it to you on level 3 of the Crypt)
 46152 | Crypt:3  | Received a gift from Trog
 46362 | Crypt:3  | Found a staircase to the Tomb.
 46423 | Crypt:3  | Noticed a dread lich
 46433 | Crypt:3  | Killed a dread lich
 46888 | Elf:1    | Entered Level 1 of the Elven Halls
 46888 | Elf:1    | Found a runed translucent gate.
 46888 | Elf:1    | Found a runed translucent gate.
 46888 | Elf:1    | Found a runed translucent gate.
 46888 | Elf:1    | Found a runed translucent gate.
 46888 | Elf:1    | Found a runed translucent gate.
 46888 | Elf:1    | Found a runed translucent gate.
 46889 | Elf:1    | Found a runed translucent door.
 46935 | Elf:1    | Found Askoavab's Armour Boutique.
 46939 | Elf:1    | Found Fikap's General Store.
 46940 | Elf:1    | Found Sialiarph's Weapon Boutique.
 47252 | Elf:1    | Found a runed translucent door.
 47252 | Elf:1    | Noticed Seidenschwarz's ghost (journeyman MiFi)
 47288 | Elf:1    | Killed Seidenschwarz's ghost
 47418 | Elf:1    | Found a runed translucent door.
 47509 | Elf:1    | Received a gift from Trog
 47510 | Elf:1    | Paralysed by an air elemental for 1 turns
 47759 | Elf:1    | Identified Roxanne's Lectures on Shaping
 47759 | Elf:1    | Noticed Roxanne
 48463 | Elf:2    | Reached skill level 10 in Axes
 48797 | Elf:2    | Found a runed translucent gate.
 48798 | Elf:2    | Found a runed translucent gate.
 48798 | Elf:2    | Found a runed translucent gate.
 48828 | Elf:2    | Reached XP level 22. HP: 239/239 MP: 21/21
 48950 | Elf:2    | Received a gift from Trog
 48953 | Elf:2    | Noticed Asterion
 48979 | Elf:2    | Killed Asterion
 49882 | Elf:3    | Entered Level 3 of the Elven Halls
 49910 | Elf:3    | Found Figavvoh's Assorted Antiques.
 50009 | Elf:3    | Identified the +4 giant club of the Crawling Thing {flame,
                  | +Blink Dex+6} (Trog gifted it to you on level 3 of the
                  | Elven Halls)
 50009 | Elf:3    | Received a gift from Trog
 50071 | Elf:3    | Bought a scroll of fear for 124 gold pieces
 50071 | Elf:3    | Bought a scroll of blinking for 232 gold pieces
 50071 | Elf:3    | Bought a long lead wand for 124 gold pieces
 50073 | Elf:3    | Bought a sparkling garnet amulet for 155 gold pieces
 50073 | Elf:3    | Identified the amulet of Vanity {Reflect rC+ SH+5} (You
                  | bought it in a shop on level 3 of the Elven Halls)
 50526 | Elf:3    | Received a gift from Trog
 50672 | Elf:3    | Identified the ring "Qiurur" {Wiz rF+ Slay+3}
 50772 | Elf:3    | Identified the +0 plate armour of Boiling Hail {Str+3 Int+4
                  | Dex-2}
 50780 | Elf:3    | Identified the ring of Qudo {*Corrode rPois rC+ rN++ Str+3}
 50832 | Elf:3    | Identified the amulet of Ahubyrr {Acrobat rC+ Str-4 SInv}
 51181 | Depths:1 | Entered Level 1 of the Depths
 51590 | Depths:1 | Found a hide-covered altar of Uskayaw.
 51675 | Depths:1 | Found a one-way gate leading to the halls of Pandemonium.
 51740 | Depths:1 | Found a gateway to Hell.
 51865 | Depths:1 | Found a runed translucent door.
 51866 | Depths:1 | Noticed Veakkusy's ghost (veteran DsWr)
 51909 | Depths:1 | Identified the +2 robe of Rotation {rN+ rCorr Int+4
                  | Archmagi}
 52125 | Depths:2 | Found a one-way gateway to a ziggurat.
 52209 | Depths:2 | Received a gift from Trog
 52290 | Depths:2 | Found a one-way gate to the infinite horrors of the Abyss.
 52496 | Depths:2 | Found Dalec's Weapon Boutique.
 52504 | Depths:2 | Found a radiant altar of Vehumet.
 52816 | Depths:2 | Reached skill level 15 in Axes
 53037 | Depths:2 | Noticed a caustic shrike
 53043 | Depths:2 | Reached XP level 23. HP: 222/247 MP: 20/22
 53043 | Depths:2 | Noticed a caustic shrike
 53048 | Depths:2 | Killed a caustic shrike
 53051 | Depths:2 | Killed a caustic shrike
 53296 | Depths:2 | Identified the +11 great sword of Huly {vorpal, rC- Will-
                  | rCorr Str+9}
 53800 | Depths:3 | Identified the ring of Munlyt {rElec rN+ Int+6 Slay+3
                  | Stlth-}
 53824 | Depths:3 | Identified the +0 dagger of Ujyomno {protect, rElec rF++
                  | rC- rCorr}
 53955 | Depths:3 | Received a gift from Trog
 54150 | Depths:3 | Noticed Louise
 54168 | Depths:3 | Killed Louise
 54557 | Depths:3 | Found a shimmering altar of Xom.
 54559 | Depths:3 | Found a shimmering altar of Xom.
 54559 | Depths:3 | Found a shimmering altar of Xom.
 54561 | Depths:3 | Found a shimmering altar of Xom.
 54561 | Depths:3 | Found a shimmering altar of Xom.
 54563 | Depths:3 | Found a shimmering altar of Xom.
 54564 | Depths:3 | Found a shimmering altar of Xom.
 54631 | Depths:4 | Entered Level 4 of the Depths
 54833 | Depths:4 | Found a gate to the Realm of Zot.
 55658 | Depths:4 | Found a glowing golden altar of the Shining One.
 55659 | Depths:4 | Found a white marble altar of Elyvilon.
 55660 | Depths:4 | Found a glowing silver altar of Zin.
 56584 | Slime:1  | Entered Level 1 of the Pits of Slime
 56730 | Slime:1  | Found a viscous altar of Jiyva.
 57620 | Slime:5  | Entered Level 5 of the Pits of Slime
 57645 | Slime:5  | Noticed the Royal Jelly
 58376 | Slime:4  | Reached XP level 24. HP: 182/256 MP: 14/22
 58624 | Slime:4  | Noticed Dissolution
 58635 | Slime:4  | Killed Dissolution
 58722 | Slime:3  | Gained mutation: You are clumsy. (Dex -2) [a shining eye]
 58840 | Slime:5  | Found a viscous altar of Jiyva.
 58875 | Slime:5  | Killed the Royal Jelly
 59042 | Slime:5  | Received a gift from Trog
 59206 | Slime:5  | Identified the ring "Usoutuirch" {Str+6 Int+4 Dex+3 Slay-5}
 59224 | Slime:5  | Got a slimy rune of Zot
 59265 | Slime:5  | Identified the +1 pair of boots "Nomenet" {rElec Str+4
                  | Int+3}
 61130 | Vaults:5 | Entered Level 5 of the Vaults
 61499 | Vaults:5 | Identified the +7 rapier "Xiageri" {drain, Drain Dex+2
                  | Stlth+}
 61502 | Vaults:5 | Identified the +1 scale mail of the Midnight Sun {rPois rF+
                  | Str-2 Int+3}
 61511 | Vaults:5 | Identified the +7 great mace "Gilos" {vorpal, rC+}
 61532 | Vaults:5 | Received a gift from Trog
 61824 | Vaults:5 | Identified the +8 dagger "Worm's Wrath" {drain, rN+}
 61863 | Vaults:5 | Found the ring of the Mage {Wiz Archmagi}
 61884 | Vaults:5 | Got a silver rune of Zot
 62018 | Vaults:5 | Noticed an ancient lich
 62034 | Vaults:5 | Killed an ancient lich
 62139 | Vaults:5 | Identified the +2 sling of Xauvyk {flame, rF+ Dex+3}
 62438 | Vaults:5 | Found Jiddoyfily's Weapon Shop.
 62459 | Vaults:5 | Bought the +11 giant club "Zebleenisch" {vorpal, rPois
                  | rC+++ Str-2 Dex+3} for 1249 gold pieces
 62718 | Vaults:5 | Received a gift from Trog
 62848 | Vaults:5 | Acquired a +4 spectral giant spiked club
 63119 | Vaults:5 | Identified the +8 shortbow of Cemuz {flame, rF+ Dex+2}
 63134 | Vaults:5 | Identified the +1 buckler "Befebuyb" {Int+4}
 63738 | Zot:1    | Entered Level 1 of the Realm of Zot
 64589 | Zot:1    | Reached XP level 25. HP: 247/265 MP: 8/22
 66384 | Zot:1    | Received a gift from Trog
 67571 | Zot:2    | Noticed an orb of fire
 67656 | Zot:2    | Killed an orb of fire
 67757 | Zot:2    | Reached skill level 15 in Armour
 68972 | Zot:2    | Identified the ring of Zyluposh {Ice rN+ Str+3}
 68972 | Zot:2    | Noticed Josephina
 68990 | Zot:2    | Killed Josephina
 69412 | Depths:4 | Voluntarily entered the Abyss.
 69645 | Abyss:2  | Received a gift from Trog
 69866 | Abyss:4  | Got an abyssal rune of Zot
 69871 | Depths:4 | Escaped the Abyss
 70839 | Zot:2    | Reached XP level 26. HP: 229/274 MP: 17/22
 71004 | Zot:3    | Noticed Grunn
 71015 | Zot:3    | Killed Grunn
 71130 | Zot:3    | Noticed an orb of fire
 71147 | Zot:3    | Killed an orb of fire
 71508 | Zot:3    | Noticed a dread lich
 71529 | Zot:3    | Killed a dread lich
 71529 | Zot:3    | Received a gift from Trog
 72067 | Zot:3    | Noticed a dread lich
 72082 | Zot:3    | Killed a dread lich
 72114 | Zot:3    | Identified the +0 leather armour "Gumotise" {Will+ Dex+4
                  | Slay-6}
 72936 | Zot:4    | Found a runed translucent gate.
 72936 | Zot:4    | Found a runed translucent gate.
 72936 | Zot:4    | Found a runed translucent gate.
 72937 | Zot:4    | Noticed stpyramids's ghost (legendary DDFi)
 73219 | Zot:4    | Noticed a dread lich
 73221 | Zot:4    | Noticed a dread lich
 73231 | Zot:4    | Killed a dread lich
 73231 | Zot:4    | Received a gift from Trog
 73241 | Zot:4    | Killed a dread lich
 73290 | Zot:4    | Noticed a dread lich
 73302 | Zot:4    | Killed a dread lich
 73315 | Zot:4    | Noticed a dread lich
 73324 | Zot:4    | Killed a dread lich
 73850 | Elf:1    | Bought a scroll of teleportation for 39 gold pieces
 73850 | Elf:1    | Bought a potion of magic for 104 gold pieces
 73901 | Orc:2    | Bought a potion of curing for 51 gold pieces
 73901 | Orc:2    | Bought a potion of cancellation for 136 gold pieces
 73960 | Orc:2    | Bought 2 potions of mutation for 208 gold pieces
 73960 | Orc:2    | Bought a potion of heal wounds for 65 gold pieces
 73960 | Orc:2    | Bought a potion of haste for 130 gold pieces
 73960 | Orc:2    | Bought a potion of haste for 130 gold pieces
 73962 | Orc:2    | Bought a potion of ambrosia for 104 gold pieces
 74416 | Zot:5    | Entered Level 5 of the Realm of Zot
 75203 | Zot:5    | Reached XP level 27. HP: 189/296 MP: 6/22
 75211 | Zot:5    | Noticed an orb of fire
 75219 | Zot:5    | Killed an orb of fire
 75779 | Zot:5    | Noticed a dread lich
 75791 | Zot:5    | Killed a dread lich
 75797 | Zot:5    | Noticed an orb of fire
 75813 | Zot:5    | Killed an orb of fire
 75813 | Zot:5    | Noticed an orb of fire
 75821 | Zot:5    | Gained mutation: Your magical capacity is low. (-10% MP)
                  | [an orb of fire]
 75841 | Zot:5    | Killed an orb of fire
 76117 | Zot:5    | Noticed a dread lich
 76122 | Zot:5    | Killed a dread lich
 76168 | Zot:5    | Got the Orb of Zot
 76172 | Zot:5    | Noticed an ancient lich
 76174 | Zot:5    | Noticed Modomozag the pandemonium lord
 76473 | D:14     | Noticed Eshru the pandemonium lord
 76485 | D:12     | Received a gift from Trog
 76679 | D:1      | Noticed Jueghael the pandemonium lord
 76679 | D:$      | Escaped with the Orb!

Illustrated notes

Levels and vault maps discovered:
D:1:      wander_arrival_peaceful_grave, layout_basic,
          hellmonk_ecumenical_altar_blasted, minmay_tripent
D:2:      layout_basic, serial_shops, nicolae_shop_statue_plus
D:3:      layout_rooms, mainiacjoe_overflow_boulevard
D:4:      layout_rooms, nicolae_ru_great_annihilating_truth,
          minmay_temple_entry_waves, st_stairs_14
D:5:      layout_loops_ring, mainiacjoe_overflow_divided_tiny,
          gup_ossuary_entry_pyramid, lightli_sewer_entry_pipes, uniq_ijyb
D:6:      layout_basic, nicolae_yredelemnul_ghost_church,
          ebering_ghost_reflecting_pool, chequers_serial_rivers_small_3,
          nicolae_shop_i_like_big_books, minmay_checkerbox, uniq_duvessa
D:7:      layout_loops_ring
D:8:      layout_layer_cave, grunt_ministairs_9, kennysheep_cross_bottleneck,
          kennysheep_minor_cross, fungi_pond_lemuel, dreamdust_princess_corridor
D:9:      layout_cave_pools, mainiacjoe_overflow_two_lobes, cheibriados_altar_1,
          onia_ninara_cookie
D:10:     layout_loops_cross, enter_bailey_3, ebering_ghost_disaster_area,
          uniq_joseph, uniq_maggie
D:11:     layout_roguey, erik_lair_dragon, david_orc_3, serial_shops,
          nicolae_shop_crystal, enter_trove_6, grunt_livestock,
          minmay_fractal_squares_diagonal_5, uniq_psyche
D:12:     kennysheep_seaside_town, layout_loops_cross, kb_lookout_dungeons_type
D:13:     layout_loops_corners, grunt_ministairs_14, door_vault
D:14:     layout_stronghold, hangedman_vaults_entry_quadrant_bands,
          serial_park_tiny_2, serial_column_ruins, column_ruins_pillar_4,
          column_ruins_pillar_1, column_ruins_pillar_4, column_ruins_pillar_5,
          column_ruins_pillar_6, column_ruins_pillar_2, column_ruins_pillar_6,
          column_ruins_pillar_6, column_ruins_pillar_9, column_ruins_pillar_4,
          column_ruins_pillar_2, column_ruins_pillar_6, column_ruins_pillar_3,
          column_ruins_pillar_12, column_ruins_pillar_1, column_ruins_pillar_3,
          column_ruins_pillar_2, column_ruins_pillar_2, minmay_alternating_orb,
          uniq_jorgrun
D:15:     gammafunk_depths_entry_grave, layout_loops_cross, serial_shops,
          nicolae_diamond_shop, shop, nicolae_lakefront_shop,
          nicolae_shop_hallway_stairs,
          nicolae_shop_temple_entry_statues_fountains,
          chequers_serial_rivers_small_3, serial_rivers,
          chequers_serial_rivers_micro_b, chequers_serial_rivers_micro_e,
          chequers_serial_rivers_small_3, chequers_serial_rivers_room_b
Lair:1:   layout_small_grid, portal_ice_cave_demonic_guard
Lair:2:   layout_regular_city, nicolae_swamp_entry_splash_gauntlet,
          minmay_snake_entry_guardpost_medium, gammafunk_ghost_cemetery
Lair:3:   layout_gridlike, basic_altar, nicolae_lair_lil_pond,
          grunt_megastairs_3
Lair:4:   layout_hall_layers, minmay_slime_entry_pillars, minivault_24,
          infiniplex_staircase_pool_2
Lair:5:   gammafunk_lair_ancient_temple, layout_cave_pods, uniq_sonja,
          uniq_rupert
Swamp:1:  layout_falls_marsh, evilmike_swamp_ruin_house_1, swamp_pool2
Swamp:2:  layout_basic_swamp, evilmike_swamp_ruin_house_6, swamp_pool1,
          nicolae_swamp_godswood, hangedman_swamp_cone, uniq_kirke
Swamp:3:  layout_basic_swamp, hangedman_swamp_ruin_wall,
          cheibrodos_swamp_witchery
Swamp:4:  swamp, layout_basic_swamp, swamp_pool4
Snake:1:  cheibrodos_toxic_ritual, layout_grid_maze
Snake:2:  layout_basic, serial_bayou_pond_a, uniq_donald, uniq_vashnia
Snake:3:  layout_cave_pods, serial_shops, nicolae_diamond_shop, st_stairs_13
Snake:4:  minmay_snake_end_coiled, layout_cave_town, uniq_agnes
Slime:1:  layout_caves, basic_altar, cheibrodos_slime_lost_civilization_5
Slime:2:  layout_caves
Slime:3:  layout_caves, basic_altar
Slime:4:  layout_caves, cheibrodos_slime_lost_civilization_7, uniq_dissolution
Slime:5
Orc:1:    layout_caves, minmay_orc_keep
Orc:2:    st_orc_pillars, layout_diamond_mine, serial_shops, shop,
          nicolae_alphabet_shops
Elf:1:    nicolae_elf_arrival_dilemma, layout_geoelf_octagon,
          gammafunk_ghost_grave, minivault_28, minmay_shop_star, uniq_roxanne
Elf:2:    nicolae_elf_blades_crystal_corner, layout_gridlike, uniq_asterion
Elf:3:    elf_hall, layout_rooms, serial_shops, shop, uniq_louise
Vaults:1: vaults_room_fancy_cross, v_alt_pattern_1, ontoclasm_vaults_bender,
          hangedman_vaults_stagger, v_misc_9, vaults_standard_mumra_x,
          grunt_vaults_twisty, nicolae_vaults_little_ls, v_misc_26, v_misc_23,
          layout_vaults_maze_bifur, serial_shops,
          nicolae_shop_temple_entry_statues_fountains
Vaults:2: infiniplex_enter_wizlab_glasses, v_misc_1,
          minmay_crypt_entry_simple_box, vaults_room_fours,
          grunt_vaults_hallway_long, hangedman_vaults_nodes, v_pattern_1,
          hangedman_vaults_stitches, ontoclasm_vaults_loading_screen,
          nicolae_vaults_big_ls, vaults_dpeg_doors,
          nicolae_vaults_little_squares_4, ontoclasm_vaults_pinch,
          vaults_room_hangedman_quadrants, vaults_room_hallway,
          layout_vaults_big_cross, serial_shops, shop
Vaults:3: vaults_room_pool, hangedman_vaults_variations, v_misc_10,
          nicolae_vaults_network_periphery, nicolae_vaults_ninety_degrees,
          vaults_room_pool, ontoclasm_vaults_ring_large, v_misc_27, v_misc_15,
          nicolae_vaults_mini_display_case, vaults_dpeg_cross,
          nicolae_vaults_little_squares_5, layout_vaults_omnibox
Vaults:4: v_misc_4, nicolae_vaults_murderbox, grunt_vaults_bifocal,
          vaults_mumra_hexcomb, vaults_room_hallway, dpeg_vaults_monster_row,
          ontoclasm_vaults_ligature, vaults_room_pools, v_misc_14, v_rooms_3,
          ontoclasm_vaults_shuriken, layout_vaults_quadrants, serial_shops, shop
Vaults:5
Crypt:1:  layout_gridlike, grunt_crypt_arrival_webbed, uniq_aizul,
          uniq_frederick, uniq_vv, uniq_saint_roka
Crypt:2:  layout_basic
Crypt:3:  quadcrypt_mu
Depths:1: layout_cave_pools, pan_entry, lightli_too_deep,
          muffindrake_ghost_three_little_ghosts, hangedman_decor_riveting,
          nicolae_uskayaw_dance_hall
Depths:2: hangedman_hanging_gardens, layout_basic, enter_ziggurat_c, hell_entry,
          chequers_jeans, pan_entry, serial_shops, shop,
          hangedman_abyss_entry_splay, nicolae_vehumet_altar_sigil
Depths:3: minmay_ornate_pinched, layout_cave_pools, hell_entry,
          nicolae_abyss_entry_one_way_or_another, xom_redecorated,
          minmay_staircase_bubble
Depths:4: grunt_zot_entry_tricorne, layout_long_grid, hell_entry,
          abyss_entry_crystal, rand_demon_pan_entry_3, good_gods_temple_1,
          serial_bayou_shore_b
Zot:1:    lemuel_acid_trip, layout_onion
Zot:2:    layout_basic, zot_minivault_5, grunt_megastairs_4, uniq_josephina
Zot:3:    hangedman_snap_crack_crunch, layout_onion, zot_minivault_6, uniq_grunn
Zot:4:    hellmonk_paralyzer, layout_misc_corridors, ebering_ghost_rock_garden
Zot:5:    layout_twisted_circle

Skill      XL: |  1  2  3  4  5  6  7  8  9 10 11 12 13 14 15 16 17 18 19 20 21 22 23 24 25 26 27 |
---------------+----------------------------------------------------------------------------------+-----
Maces & Flails | 3 4 5 6 7 9 11 13 14 15 17 20 21 23 | 23.3
Evocations     | 2 6 |  6.7
Fighting       | 6 10 14 17 18 21 22 | 22.5
Armour         | 4 6 9 11 14 17 18 | 18.0
Dodging        | 6 9 12 | 12.0
Axes           | 7 10 15 18 21 22 | 22.7

Action                   |  1- 3 |  4- 6 |  7- 9 | 10-12 | 13-15 | 16-18 | 19-21 | 22-24 | 25-27 || total
-------------------------+-------+-------+-------+-------+-------+-------+-------+-------+-------++-------
Melee: Mace              |   140 |    28 |       |       |       |       |       |       |       ||   168
       Punch             |     1 |       |     6 |       |       |       |       |       |       ||     7
       Flail             |       |   131 |   428 |       |       |       |       |       |       ||   559
       Kick              |       |     4 |   118 |   215 |   470 |   411 |   719 |   689 |   558 ||  3184
       Whip              |       |       |     5 |       |       |       |       |       |       ||     5
       Morningstar       |       |       |    28 |     6 |       |       |       |       |       ||    34
       Dire flail        |       |       |       |   715 |   648 |       |       |       |       ||  1363
       Giant club        |       |       |       |       |   669 |  1131 |    69 |   561 |       ||  2430
       Great mace        |       |       |       |       |       |     5 |       |       |       ||     5
       Giant spiked club |       |       |       |       |       |       |  1622 |   181 |   211 ||  2014
       Executioner's axe |       |       |       |       |       |       |       |   745 |   918 ||  1663
Throw: Stone             |       |       |     2 |     7 |     1 |       |       |       |       ||    10
       Large rock        |       |       |       |       |     2 |     1 |     4 |     2 |       ||     9
Invok: Berserk           |     2 |     8 |     9 |    11 |    13 |     8 |     6 |     2 |       ||    59
       Trog's Hand       |       |       |     1 |       |     4 |     3 |    14 |     9 |     4 ||    35
       Brothers in Arms  |       |       |       |     2 |     2 |     3 |     2 |     2 |       ||    11
Evoke: Wand              |       |       |     5 |    10 |     3 |     3 |     1 |     9 |     1 ||    32
       Tin of tremorston |       |       |       |       |     2 |     3 |     5 |     2 |       ||    12
       Condenser vane    |       |       |       |       |     1 |     3 |     3 |     4 |     1 ||    12
       Lightning rod     |       |       |       |       |       |       |       |     5 |       ||     5
  Use: Scroll            |     3 |     2 |     5 |    18 |     6 |     3 |     5 |    31 |    11 ||    84
       Potion            |       |     2 |       |       |     1 |     2 |       |     8 |    16 ||    29
 Stab: Sleeping          |     1 |       |     1 |       |     3 |     7 |     7 |     5 |       ||    24
       Paralysed         |       |     1 |       |       |       |       |       |     5 |       ||     6
       Distracted        |       |       |       |     1 |     1 |     1 |     1 |     4 |     8 ||    16
       Invisible         |       |       |       |       |       |       |       |       |    29 ||    29
Armor: Animal skin       |    57 |    51 |   154 |    53 |       |       |       |       |       ||   315
       Troll leather arm |       |       |       |   120 |       |       |       |       |       ||   120
       Acid dragon scale |       |       |       |    27 |   187 |       |       |   112 |    28 ||   354
       Shadow dragon sca |       |       |       |       |   297 |   413 |   535 |   529 |       ||  1774
       Storm dragon scal |       |       |       |       |       |       |       |    95 |    44 ||   139
       Gold dragon scale |       |       |       |       |       |       |       |       |   600 ||   600
Dodge: Dodged            |    87 |    77 |   207 |   232 |   495 |   371 |   524 |   539 |   264 ||  2796
Block: Other             |       |       |       |       |   107 |   279 |   372 |   391 |   268 ||  1417
       Reflection        |       |       |       |       |     1 |       |       |       |       ||     1
